 Dungeon Crawl Stone Soup version 0.21.1-1-g345015fe64 (webtiles) character file.

2523 KleinerIrrer the Cleaver (level 9, 0/65 HPs)
             Began as a Formicid Fighter on Mar 18, 2018.
             Was a Follower of the Shining One.
             Slain by an orc warrior
             ... wielding a +0 short sword
              (19 damage)
             ... on level 7 of the Dungeon.
             The game lasted 00:14:13 (8212 turns).

KleinerIrrer the Cleaver (Formicid Fighter)         Turns: 8212, Time: 00:14:14

Health: 0/65       AC: 10    Str: 23    XL:     9   Next: 84%
Magic:  9/9        EV:  8    Int:  9    God:    the Shining One [*.....]
Gold:   213        SH: 10    Dex: 10    Spells: 8/8 levels left

rFire    + . .     SeeInvis +   a - +0 war axe
rCold    . . .     Gourm    .   c - +0 shield
rNeg     . . .     Faith    .   x - +3 scale mail
rPois    +         Spirit   .   (helmet unavailable)
rElec    .         Reflect  .   (no cloak)
rCorr    .         Harm     .   (no gloves)
MR       .....                  (no boots)
Stlth    ..........             (no amulet)
HPRegen  0.20/turn              v - ring of protection from fire
MPRegen  0.11/turn              F - ring of poison resistance

@: glowing
A: permanent stasis, dig shafts and tunnels, four strong arms, antennae 3
a: Dig, Shaft Self, Renounce Religion


You were on level 7 of the Dungeon.
You worshipped the Shining One.
The Shining One was aware of your devotion.
You were not hungry.

You visited 2 branches of the dungeon, and saw 8 of its levels.

You collected 213 gold pieces.

Inventory:

Hand Weapons
 a - a +0 war axe (weapon)
 y - a +0 hand crossbow
 z - a +2 flail of draining
Missiles
 j - 58 bolts
Armour
 b - a +0 scale mail
 c - a +0 shield (worn)
 x - a +3 scale mail (worn)
Jewellery
 p - an uncursed ring of fire
 v - a ring of protection from fire (left hand)
 F - a ring of poison resistance (right hand)
Wands
 d - a wand of paralysis (16)
 m - a wand of iceblast (6)
Scrolls
 e - 4 scrolls of teleportation {unknown}
 g - a scroll of immolation {unknown}
 i - 3 scrolls of noise {unknown}
 k - a scroll of enchant weapon {unknown}
 l - 4 scrolls of remove curse {unknown}
 n - 2 scrolls of amnesia {unknown}
 r - a scroll of fear {unknown}
 w - a scroll of magic mapping {unknown}
 D - a scroll of fog {unknown}
 G - a scroll of blinking {unknown}
Potions
 h - 4 potions of curing
 o - 4 potions of brilliance
 q - 2 potions of haste
 s - 2 potions of lignification
 t - a potion of berserk rage
 u - a potion of degeneration
 A - 2 potions of magic
 B - a potion of might
 C - a potion of mutation {unknown}
Comestibles
 f - 10 rations
 E - 4 chunks of flesh


   Skills:
 + Level 3.8 Fighting
 + Level 11.8 Axes
 + Level 4.3 Armour
 + Level 0.3 Dodging
 - Level 1.0 Stealth
 + Level 4.5 Shields


You had 8 spell levels left.
You didn't know any spells.

Dungeon Overview and Level Annotations

Branches:
Dungeon (7/15)             Temple (1/1) D:6

Altars:
Ashenzari
Cheibriados
Dithmenos
Hepliaklqana
Nemelex Xobeh
Okawaru
Qazlal
Ru
Sif Muna
Trog
Vehumet
Wu Jian
The Shining One

Annotations:
D:7 Joseph, Menkaure


Innate Abilities, Weirdness & Mutations

You cannot be hasted, slowed, berserked, paralysed or teleported.
You can dig through walls and to a lower floor.
Your four strong arms can wield two-handed weapons with a shield.
You have a pair of large antennae on your head. (SInv)


Message History

You are too injured to fight recklessly!
You are too injured to fight recklessly!
You are too injured to fight recklessly!
You are too injured to fight recklessly!
You are too injured to fight recklessly!
You are too injured to fight recklessly!
You are too injured to fight recklessly!
You are too injured to fight recklessly!
You are too injured to fight recklessly!
You are too injured to fight recklessly!
Okay, then.
You hit the orc warrior.
The orc warrior is almost dead.
The orc priest invokes the aid of Beogh against you.
Beogh smites you!
* * * LOW HITPOINT WARNING * * *
You block the orc warrior's attack.
You feel better.
The orc warrior hits you with a short sword!!
You die...

.........#....#.......#
.........#.[..#########
.........#....#
.........#....#
.........#....#
###'######....# { #.#
#....#
###.######....#######...
................@oohoo..
.......[..###########.##
..........# ..........#
..........# .......{..#
..........# ..........#
#'#.....#######


You could see an orc warrior, a black bear, 2 orc priests and an orc.

Vanquished Creatures
  The ghost of Slothtographer the Carver, an amateur TeBe of Trog (D:4)
  Sigmund (D:3)
  A sky beast (D:5)
  2 black bears
  An ogre (D:7)
  A phantom (D:7)
  8 centaurs
  A big kobold (D:7)
  A gnoll sergeant (D:5)
  A bullfrog (D:7)
  A scorpion (D:6)
  A crimson imp (D:5)
  A centaur skeleton (D:5)
  A centaur zombie (D:6)
  4 orc wizards
  An orc priest (D:5)
  4 hounds
  3 iguanas
  3 worker ants
  A hound skeleton (D:5)
  A worker ant zombie (D:6)
  10 gnolls
  11 adders
  2 shadow imps
  3 oozes
  An adder zombie (D:7)
  5 worms
  A leopard gecko (D:5)
  20 orcs
  11 bats
  4 giant cockroaches
  5 goblins
  7 hobgoblins
  2 jackals (D:5)
  A quokka (D:5)
  2 ball pythons
  2 frilled lizards
  12 kobolds
  A leopard gecko zombie (D:5)
  8 rats
147 creatures vanquished.

Vanquished Creatures (others)
  A hobgoblin (D:2)
1 creature vanquished.

Grand Total: 148 creatures vanquished

Notes
Turn   | Place    | Note
-------+----------+-------------------------------------------
     0 | D:1      | KleinerIrrer the Formicid Fighter began the quest for the Orb.
     0 | D:1      | Reached XP level 1. HP: 18/18 MP: 1/1
   151 | D:1      | Reached XP level 2. HP: 24/24 MP: 2/2
   789 | D:2      | Reached XP level 3. HP: 23/29 MP: 3/3
  1679 | D:2      | Reached XP level 4. HP: 24/37 MP: 4/4
  2088 | D:2      | Reached skill level 1 in Stealth
  2490 | D:3      | Found an iron altar of Okawaru.
  2667 | D:3      | Reached skill level 3 in Axes
  2667 | D:3      | Reached XP level 5. HP: 33/42 MP: 5/5
  2679 | D:3      | Noticed Sigmund
  2690 | D:3      | Killed Sigmund
  2690 | D:3      | Reached skill level 5 in Axes
  2690 | D:3      | Reached XP level 6. HP: 20/48 MP: 6/6
  2704 | D:3      | Found a shattered altar of Ashenzari.
  3586 | D:4      | Noticed Slothtographer's ghost (amateur TeBe)
  3603 | D:4      | Killed Slothtographer's ghost
  3603 | D:4      | Reached skill level 6 in Axes
  3603 | D:4      | Reached XP level 7. HP: 41/53 MP: 7/7
  3772 | D:4      | Reached skill level 7 in Axes
  4200 | D:5      | Entered Level 5 of the Dungeon
  4234 | D:5      | Reached XP level 8. HP: 59/60 MP: 8/8
  4269 | D:5      | Reached skill level 8 in Axes
  5215 | D:5      | Reached skill level 9 in Axes
  5631 | D:6      | Found a staircase to the Ecumenical Temple.
  5673 | Temple   | Entered the Ecumenical Temple
  5681 | Temple   | Became a worshipper of the Shining One
  5708 | D:6      | Reached XP level 9. HP: 54/65 MP: 9/9
  5717 | D:6      | Reached skill level 10 in Axes
  5937 | D:6      | Found a sacrificial altar of Ru.
  5940 | D:6      | Found a hazy altar of Hepliaklqana.
  5964 | D:6      | Found a sparkling altar of Nemelex Xobeh.
  5967 | D:6      | Found a stormy altar of Qazlal.
  6984 | D:6      | Reached skill level 11 in Axes
  7746 | D:7      | Noticed Joseph
  7748 | D:7      | Noticed Menkaure
  8196 | D:7      | Reached * piety under the Shining One
  8212 | D:7      | Slain by an orc warrior

Skill      XL: |  1  2  3  4  5  6  7  8  9 |
---------------+----------------------------+-----
Shields        | 4 |  4.5
Stealth        | 1 |  1.0
Armour         | 4 |  4.3
Axes           | 3 5 6 7 9 11 | 11.8
Fighting       | |  3.8
Dodging        | |  0.3

Action                   |  1- 3 |  4- 6 |  7- 9 || total
-------------------------+-------+-------+-------++-------
Melee: War axe           |   106 |   136 |   306 ||   548
 Fire: Hand crossbow     |       |       |    38 ||    38
  Use: Potion            |       |     1 |     1 ||     2
       Scroll            |       |       |     7 ||     7
  Eat: Chunk             |     2 |     7 |    11 ||    20
       Ration            |       |       |     1 ||     1
Armor: Scale mail        |    50 |    46 |   147 ||   243
Dodge: Dodged            |    35 |    45 |    98 ||   178
Block: Shield            |    68 |    63 |   188 ||   319
